 Dungeon Crawl Stone Soup version 0.25-a0-2-g6559c6c67a (webtiles) character file.

Game seed: 80384516704982565, levelgen mode: deterministic

150 Kohma the Grasshopper (level 5, 34/34 HPs)
             Began as a Halfling Warper on Oct 14, 2019.
             Quit the game on level 4 of the Dungeon.
             The game lasted 00:07:56 (3127 turns).

Kohma the Grasshopper (Halfling Warper)             Turns: 3127, Time: 00:07:57

Health: 34/34      AC:  3    Str: 12    XL:     5   Next: 58%
Magic:  8/8        EV: 15    Int: 11    God:
Gold:   154        SH:  6    Dex: 15    Spells: 6/8 levels left

rFire    . . .     SeeInvis .   v - +0 hunting sling
rCold    + . .     Gourm    .   p - +1 buckler {rC+}
rNeg     . . .     Faith    .   b - +0 leather armour
rPois    .         Spirit   .   (no helmet)
rElec    .         Reflect  .   (no cloak)
rCorr    .         Harm     .   (no gloves)
MR       .....                  (no boots)
Stlth    +.........             (no amulet)
HPRegen  0.11/turn              (no ring)
MPRegen  0.11/turn              (no ring)

@: no status effects
A: small, mutation resistance 1
a: no special abilities


You were on level 4 of the Dungeon.
You were hungry.

You visited 1 branch of the dungeon, and saw 4 of its levels.

You collected 154 gold pieces.

Inventory:

Hand Weapons
 a - a +0 short sword
 v - a +0 hunting sling (weapon)
Missiles
 e - 4 boomerangs of dispersal
 g - 29 sling bullets (quivered)
 k - 72 stones
 w - a throwing net
 y - 2 poisoned darts
Armour
 b - a +0 leather armour (worn)
 p - a +1 buckler of cold resistance (worn)
Jewellery
 j - an uncursed ring of magical power {unknown}
 n - an uncursed ring of resist corrosion {unknown}
 o - an uncursed ring of wizardry {unknown}
Wands
 E - a wand of scattershot (4)
Scrolls
 d - a scroll of blinking
 q - 4 scrolls of identify {unknown}
 x - a scroll of teleportation {unknown}
 z - a scroll of amnesia {unknown}
 A - a scroll of remove curse {unknown}
 B - a scroll of enchant weapon {unknown}
 C - a scroll of fog {unknown}
Potions
 c - a potion of curing {unknown}
 h - a potion of flight {unknown}
 i - 2 potions of heal wounds {unknown}
 l - a potion of berserk rage {unknown}
 m - a potion of degeneration {unknown}
 r - a potion of might {unknown}
 s - 2 potions of brilliance {unknown}
 t - a potion of resistance {unknown}
 u - a potion of agility {unknown}
 D - a potion of lignification {unknown}
Comestibles
 f - 8 rations


   Skills:
 - Level 1.7 Fighting
 - Level 2.4 Short Blades
 * Level 2.7(3.0) Slings
 - Level 1.0(1.5) Throwing
 - Level 1.1 Armour
 + Level 4.0 Dodging
 + Level 1.7 Shields
 - Level 2.0 Spellcasting
 - Level 4.0 Translocations


You had 6 spell levels left.
You knew the following spells:

 Your Spells              Type           Power        Failure   Level  Hunger
a - Blink                 Tloc           N/A          16%         2    ###....

Your spell library contained the following spells:

 Spells                   Type           Power        Failure   Level  Hunger
 Gell's Gravitas          Tloc           #.........   30%         3    ####...
 Lesser Beckoning         Tloc           #.........   30%         3    ####...
 Teleport Other           Tloc           #.......     30%         3    ####...
 Shroud of Golubria       Chrm/Tloc      #.....       34%         2    ###....
 Passage of Golubria      Tloc           N/A          71%         4    #####..


Dungeon Overview and Level Annotations

Branches:
Dungeon (4/15)
 Temple: D:4-7

Altars:


Innate Abilities, Weirdness & Mutations

You are small and have problems with some larger weapons.
You are somewhat resistant to further mutation.


Message History

The sling bullet barely misses the howler monkey.
The howler monkey hits you.
Firing (i - inventory. (/) - cycle)
g - 23 sling bullets (quivered)
Press: ? - help, Shift-Dir - straight line, f/p - howler monkey
Aim: a howler monkey (severely wounded, catching its breath)
You shoot a sling bullet.
The sling bullet hits the howler monkey!
You kill the howler monkey!
Your base Slings skill increases to level 2!
Your Dodging skill increases to level 4!
No target in view!
Found 10 stones.
g - 25 sling bullets (gained 3)
g - 27 sling bullets (gained 2)
g - 28 sling bullets (gained 1)
g - 29 sling bullets (gained 1)
k - 72 stones (gained 10) Quiver which item? (- for none, * to show all) (? for menu, Esc to quit)
Okay, then.
Are you sure you want to abandon this character and quit the game? (Confirm with "yes".)

#......## ##..........
##.......#####........#
##.............#########
##............###
#..............##
##...............# ####
#................#
###...
#................#
#.....
##........@.......##
##....
##..................#
#....
###..##.............###
##...
##..#####...........##
###. ##..##
###.......#.## ## ##..##
##...####..# ...## #####
##.# .### ####.## ##
###.....#


There were no monsters in sight!

Vanquished Creatures
  A howler monkey (D:4)
  Ijyb (D:4)
  An adder (D:4)
  2 oozes
  An adder skeleton (D:4)
  A dart slug (D:1)
  2 leopard geckos
  6 bats
  3 giant cockroaches
  7 hobgoblins
  2 jackals (D:1)
  9 kobolds
  4 quokkas
  3 frilled lizards
  8 goblins
  A jackal skeleton (D:4)
  8 rats
60 creatures vanquished.

Notes
Turn   | Place    | Note
-------+----------+-------------------------------------------
     0 | D:1      | Kohma the Halfling Warper began the quest for the Orb.
     0 | D:1      | Reached XP level 1. HP: 14/14 MP: 3/3
     2 | D:1      | Noticed a gargoyle
     4 | D:1      | Noticed an octopode
     4 | D:1      | Noticed a centaur
     6 | D:1      | Noticed a naga
     8 | D:1      | Noticed a felid
    10 | D:1      | Noticed a demonspawn
    10 | D:1      | Noticed a demigod
    12 | D:1      | Noticed a spriggan
    12 | D:1      | Noticed a ghoul
    14 | D:1      | Noticed a dwarf
    14 | D:1      | Noticed a vine stalker
    16 | D:1      | Noticed a minotaur
    16 | D:1      | Noticed a troll
    18 | D:1      | Noticed a vampire
    18 | D:1      | Noticed a formicid
    20 | D:1      | Noticed an elf
    20 | D:1      | Noticed an ogre
    22 | D:1      | Noticed a draconian
    22 | D:1      | Noticed a merfolk
    24 | D:1      | Noticed a halfling
    26 | D:1      | Noticed a human
    26 | D:1      | Noticed a tengu
   100 | D:1      | Reached XP level 2. HP: 19/19 MP: 4/4
   198 | D:1      | Learned a level 2 spell: Blink
   430 | D:1      | Reached XP level 3. HP: 17/24 MP: 5/5
  1639 | D:3      | Reached XP level 4. HP: 29/29 MP: 6/6
  2467 | D:4      | Reached skill level 1 in Shields
  2657 | D:4      | Noticed Ijyb
  2664 | D:4      | Paralysed by Ijyb for 5 turns
  2677 | D:4      | Paralysed by Ijyb for 5 turns
  2686 | D:4      | Paralysed by Ijyb for 5 turns
  2725 | D:4      | Killed Ijyb
  2725 | D:4      | Reached skill level 1 in Slings
  2725 | D:4      | Reached XP level 5. HP: 16/34 MP: 8/8
  3127 | D:4      | Quit the game

Levels and vault maps discovered:
D:1:      kb_arrival_jail, layout_basic, serial_glass, glass_columns_a,
          glass_columns_c
D:2:      layout_loops_ring
D:3:      layout_basic, first_ration, minmay_misc_feat_iff, lemuel_flame_loot_1
D:4:      layout_cave_pods, uniq_ijyb

Skill      XL: |  1  2  3  4  5 |
---------------+----------------+-----
Dodging        | 3 4 |  4.0
Spellcasting   | 2 |  2.0
Translocations | 4 |  4.0
Shields        | 1 |  1.7
Slings         | 1 2 |  2.7
Fighting       | |  1.7
Short Blades   | |  2.4
Throwing       | |  1.0
Armour         | |  1.1

Action                   |  1- 3 |  4- 6 || total
-------------------------+-------+-------++-------
Melee: Short sword       |   131 |       ||   131
 Fire: Hunting sling     |     7 |   149 ||   156
Throw: Boomerang         |     1 |       ||     1
 Stab: Sleeping          |     3 |       ||     3
  Eat: Chunk             |     2 |     4 ||     6
Armor: Leather armour    |    36 |     9 ||    45
Dodge: Dodged            |   103 |    53 ||   156
Block: Buckler           |     9 |    31 ||    40

Table legend:
 A = Non-vault XP
 B = Vault XP
 C = Vault XP percentage of total XP
 D = Non-vault monster count
 E = Vault monster count
 F = Vault count percentage of total count
                 A         B        C        D         E       F
            +---------+---------+-------+---------+---------+-------
      Total |     179 |      36 |  16.7 |      59 |       1 |   1.7
            +---------+---------+-------+---------+---------+-------
        D:1 |      33 |       0 |   0.0 |      18 |       0 |   0.0
        D:2 |      32 |       0 |   0.0 |      15 |       0 |   0.0
        D:3 |      37 |       0 |   0.0 |      21 |       0 |   0.0
        D:4 |      77 |      36 |  31.9 |       5 |       1 |  16.7
            +---------+---------+-------+---------+---------+-------
